 Dungeon Crawl Stone Soup version 0.20-a0-1040-gfd09691 (webtiles) character file.

1157 Cerepol the Cleaver (level 8, -1/64 HPs)
             Began as a Minotaur Fighter on Apr 24, 2017.
             Was an Initiate of Gozag.
             Killed by nerve-wracking pain
             ... invoked by a shadow imp
              (9 damage)
             ... on level 5 of the Dungeon.
             The game lasted 00:07:33 (4183 turns).

Cerepol the Cleaver (Minotaur Fighter)              Turns: 4183, Time: 00:07:35

Health: -1/64      AC: 12    Str: 22    XL:     8   Next: 16%
Magic:  7/7        EV:  5    Int:  5    God:    Gozag
Gold:   502        SH:  9    Dex: 11    Spells: 7/7 levels left

rFire    . . .     SeeInvis .   a - +0 war axe
rCold    . . .     Gourm    .   c - +0 shield
rNeg     . . .     Faith    .   n - +0 chain mail
rPois    .         Spirit   .   q - +2 hat
rElec    .         Reflect  .   z - +0 cloak
rCorr    .         Harm     .   (no gloves)
MR       +....                  (no boots)
Stlth    ..........             (no amulet)
Regen    0.2/turn               k - ring of protection from magic
MPRegen  0.1/turn               (no ring)

@: no status effects
A: retaliatory headbutt, horns 2
a: Potion Petition, Call Merchant, Bribe Branch, Renounce Religion


You were on level 5 of the Dungeon.
You worshipped Gozag.
Gozag was pleased with you.
You were not hungry.

You visited 2 branches of the dungeon, and saw 6 of its levels.

You collected 556 gold pieces.
You paid 54 gold pieces to Gozag.

Inventory:

Hand Weapons
 a - a +0 war axe (weapon)
Armour
 c - a +0 shield (worn)
 n - a +0 chain mail (worn)
 q - a +2 hat (worn)
 z - a +0 cloak (worn)
Jewellery
 k - a ring of protection from magic (left hand)
Wands
 s - a wand of random effects (15/48)
 y - a wand of paralysis (9/24)
 C - a wand of random effects (26/48)
Scrolls
 h - 8 scrolls of identify {unknown}
 j - a scroll of amnesia {unknown}
 l - a scroll of recharging {unknown}
 o - 3 scrolls of teleportation {unknown}
 r - a scroll of enchant armour {unknown}
 t - a scroll of immolation {unknown}
 x - a scroll of blinking {unknown}
 B - a scroll of remove curse {unknown}
Potions
 d - a potion of might
 e - a potion of ambrosia {unknown}
 i - a potion of invisibility {unknown}
 m - 2 potions of cancellation {unknown}
 p - a potion of curing {unknown}
 u - a potion of resistance {unknown}
 v - a potion of lignification {unknown}
 w - 2 potions of agility {unknown}
 A - a potion of brilliance {unknown}
Comestibles
 b - 3 royal jellies
 f - 5 bread rations
 g - 3 meat rations


   Skills:
 - Level 3.6 Fighting
 + Level 11.6 Axes
 - Level 3.6 Armour
 - Level 3.6 Shields


You had 7 spell levels left.
You didn't know any spells.

Dungeon Overview and Level Annotations

Branches:
Dungeon (5/15)             Temple (1/1) D:5

Altars:
Dithmenos
Gozag
Hepliaklqana
Kikubaaqudgha
Makhleb
Nemelex Xobeh
Trog
Vehumet
Wu Jian
Xom
Zin
The Shining One


Innate Abilities, Weirdness & Mutations

You reflexively headbutt those who attack you in melee.
You have a pair of horns on your head.


Message History

C - a wand of random effects (?/48)
The shadow imp gestures at you. You resist with some effort.
Evoke which item? (* to show all) (? for menu, Esc to quit)
Aiming: Random Effects (will waste charges)
Press: ? - help, Shift-Dir - straight line, f - shadow imp
Aim: a shadow imp The bolt of poison misses the shadow imp.
Evoking this partially-identified wand wasted a few charges.
Evoke which item? (* to show all) (? for menu, Esc to quit)
Aiming: Random Effects (will waste charges)
Press: ? - help, Shift-Dir - straight line, f/p - shadow imp
Aim: a shadow imp The bolt of poison hits the shadow imp.
The shadow imp is moderately wounded.
Evoking this partially-identified wand wasted a few charges.
The shadow imp gestures at you. Pain shoots through your body!
You die...
Your body crumbles into a pile of gold.

.#.#.#.#.#.#.#.#..
#.#'#+#.#.#.#)#.#
#......#.......####
#......###........##
#......# #.#.#.#...## # #
#......#.......#.5..# .#.#
########.#####......#....#
#. #.....>...... #
###.@.$...... #...$......
#.#........ $ #.###.#....
.. .#.... ### .. ... ## #


You could see a shadow imp.

Vanquished Creatures
  A hungry ghost (D:4)
  Menkaure (D:5)
  A water moccasin (D:5)
  A centaur (D:5)
  Blork the orc (D:4)
  A bullfrog (D:5)
  2 scorpions (D:4)
  2 hounds (D:4)
  3 iguanas
  An orc priest (D:5)
  3 orc wizards
  A worker ant (D:5)
  The ghost of lordive the Ruffian, a weakling TrTm (D:3)
  4 adders
  4 gnolls
  A shadow imp (D:5)
  An ooze (D:4)
  2 worms
  5 dart slugs
  4 leopard geckos
  21 orcs
  3 giant cockroaches
  10 goblins
  3 hobgoblins
  6 jackals
  A quokka (D:4)
  7 bats
  6 frilled lizards
  7 kobolds
  9 rats
113 creatures vanquished.

Notes
Turn   | Place    | Note
-------+----------+-------------------------------------------
     0 | D:1      | Cerepol the Minotaur Fighter began the quest for the Orb.
     0 | D:1      | Reached XP level 1. HP: 19/19 MP: 0/0
    54 | D:1      | Reached skill level 3 in Axes
    96 | D:1      | Reached XP level 2. HP: 26/26 MP: 1/1
   457 | D:1      | Reached skill level 4 in Axes
   808 | D:2      | Reached XP level 3. HP: 30/31 MP: 2/2
  1105 | D:2      | Reached skill level 5 in Axes
  1110 | D:2      | Reached XP level 4. HP: 19/39 MP: 3/3
  1593 | D:3      | Reached skill level 6 in Axes
  1594 | D:3      | Reached XP level 5. HP: 26/45 MP: 4/4
  1888 | D:3      | Noticed lordive's ghost (weakling TrTm)
  1904 | D:3      | Killed lordive's ghost
  2122 | D:3      | Found an ornate altar of the Wu Jian Council.
  2135 | D:3      | Found an opulent altar of Gozag.
  2139 | D:3      | Became a worshipper of Gozag Ym Sagoz the Greedy
  2416 | D:3      | Found a shimmering altar of Xom.
  2667 | D:4      | Reached skill level 7 in Axes
  2749 | D:4      | Noticed a hungry ghost
  2770 | D:4      | Paralysed by fainting for 10 turns
  2783 | D:4      | Killed a hungry ghost
  2783 | D:4      | Reached skill level 8 in Axes
  2783 | D:4      | Reached XP level 6. HP: 46/51 MP: 5/5
  2834 | D:4      | Found a shadowy altar of Dithmenos.
  2834 | D:4      | Found a bloodstained altar of Trog.
  2838 | D:4      | Found a sparkling altar of Nemelex Xobeh.
  2839 | D:4      | Found a hazy altar of Hepliaklqana.
  2841 | D:4      | Found a burning altar of Makhleb.
  2944 | D:4      | Found a glowing silver altar of Zin.
  3121 | D:4      | Reached skill level 9 in Axes
  3185 | D:4      | Noticed Blork the orc
  3199 | D:4      | Killed Blork the orc
  3199 | D:4      | Reached XP level 7. HP: 38/57 MP: 6/6
  3694 | D:5      | Entered Level 5 of the Dungeon
  3713 | D:5      | Reached skill level 10 in Axes
  3716 | D:5      | Found a staircase to the Ecumenical Temple.
  3759 | Temple   | Entered the Ecumenical Temple
  4144 | D:5      | Reached skill level 11 in Axes
  4144 | D:5      | Reached XP level 8. HP: 25/64 MP: 7/7
  4165 | D:5      | Noticed Menkaure
  4173 | D:5      | Killed Menkaure
  4183 | D:5      | Killed from afar by a shadow imp

Vault maps used:
D:1:      eino_arrival_druids_welcome, serial_bayou_lagoon_a,
          minmay_statues_item
D:2:      first_bread
D:3:      tgw_xom, amethyst_overflow_temple_binary
D:4:      cheibrodos_helix_gallery, zin_statuary, grunt_temple_overflow_open,
          uniq_blork_the_orc
D:5:      minmay_temple_entry_grid, uniq_menkaure
Temple:   cyrus_circular_temple

Skill      XL: |  1  2  3  4  5  6  7 |
---------------+----------------------+-----
Axes           | 3 4 5 6 8 9 11 | 11.6
Fighting       | |  3.6
Armour         | |  3.6
Shields        | |  3.6

Action                   |  1- 3 |  4- 6 |  7- 9 || total
-------------------------+-------+-------+-------++-------
Melee: War axe           |    99 |   146 |    89 ||   334
       Headbutt          |    11 |    23 |    18 ||    52
Evoke: Wand              |       |       |     2 ||     2
 Stab: Distracted        |       |       |     1 ||     1
  Eat: Chunk             |     1 |     3 |       ||     4
       Meat ration       |       |     2 |       ||     2
       Royal jelly       |       |       |     2 ||     2
Armor: Scale mail        |    37 |       |       ||    37
       Chain mail        |    19 |    70 |    25 ||   114
Dodge: Dodged            |    40 |    27 |    17 ||    84
Block: Shield            |    66 |    81 |    39 ||   186
